 Dungeon Crawl Stone Soup version 0.27.1-33-g824d729ab1 (webtiles) character file.

Game seed: 9838734737744723746

183 sking99 the Sneak (level 5, -4/24 HPs)
             Began as a Spriggan Enchanter on Dec 7, 2021.
             Slain by an ogre (28 damage)
             ... on level 4 of the Dungeon.
             The game lasted 00:09:32 (4179 turns).

sking99 the Sneak (Spriggan Enchanter)              Turns: 4179, Time: 00:09:37

Health: -4/24      AC:  2    Str:  4    XL:     5   Next: 35%
Magic:  4/20       EV: 18    Int: 18    God:
Gold:   50         SH:  0    Dex: 15    Spells: 2/11 levels left

rFire    . . .     SeeInvis +   e - +4 dagger
rCold    . . .     Faith    .   (shield restricted)
rNeg     . . .     Spirit   .   b - +0 robe
rPois    .         Reflect  .   (helmet restricted)
rElec    .         Harm     .   (no cloak)
rCorr    .         Rampage  .   (gloves unavailable)
Will     .....                  (boots unavailable)
Stlth    +++.......             (no amulet)
HPRegen  0.08/turn              i - +4 ring of slaying
MPRegen  0.17/turn              l - ring of magical power

@: very slightly contaminated, very quick
A: very small, no large weapons, unfitting armour, see invisible, speed 3
a: no special abilities


You were on level 4 of the Dungeon.
You visited 1 branch of the dungeon, and saw 4 of its levels.

You collected 50 gold pieces.

Inventory:

Hand Weapons
 e - a +4 dagger (weapon)
Armour
 b - a +0 robe (worn)
Jewellery
 i - a +4 ring of slaying (left hand)
 l - a ring of magical power (right hand)
Wands
 k - a wand of flame (10)
Scrolls
 a - a scroll of fear {unknown}
 c - 2 scrolls of magic mapping
 j - a scroll of blinking {unknown}
 m - a scroll of holy word {unknown}
 o - a scroll of amnesia {unknown}
Potions
 d - 4 potions of curing
 f - a potion of degeneration {unknown}
 g - a potion of haste {unknown}
 h - a potion of lignification {unknown}
 n - a potion of might {unknown}
 p - a potion of ambrosia
 q - a potion of brilliance {unknown}
 r - a potion of heal wounds {unknown}


   Skills:
 + Level 0.0 Fighting
 * Level 3.1 Short Blades
 - Level 3.8 Dodging
 + Level 5.4 Stealth
 + Level 3.5 Spellcasting
 + Level 4.4 Hexes
 + Level 1.1 Ice Magic


You had 2 spell levels left.
You knew the following spells:

 Your Spells              Type           Power      Damage    Failure   Level
a - Corona                Hex            21%        N/A       2%          1
b - Ensorcelled Hibernat  Hex/Ice        26%        N/A       8%          2
c - Confusing Touch       Hex            19%        N/A       8%          3
d - Tukima's Dance        Hex            19%        N/A       8%          3

Your spell library contained the following spells:

 Spells                   Type           Power      Damage    Failure   Level
 Animate Skeleton         Necr           6%         N/A       16%         1
 Apportation              Tloc           6%         N/A       16%         1
 Magic Dart               Conj           12%        1d3       16%         1
 Summon Small Mammal      Summ           12%        N/A       16%         1
 Searing Ray              Conj           6%         3d3       24%         2
 Dazzling Flash           Conj/Hex       22%        N/A       19%         3
 Fulminant Prism          Conj/Hex       5%         3d7       52%         4
 Passage of Golubria      Tloc           N/A        N/A       83%         4
 Yara's Violent Unravell  Hex/Tmut       5%         3d4       86%         5


Dungeon Overview and Level Annotations

Branches:
Dungeon (4/15)
 Temple: D:4-7

Altars:
Trog

Shops:
D:2 [


Innate Abilities, Weirdness & Mutations

You are very small and have problems with some larger weapons.
You are too small for most types of armour.
You have supernaturally acute eyesight. (SInv)
You cover ground extremely quickly. (Speed+++)


Message History

Confirm with . or Enter, or press ? or * to list all spells.
Aiming: Ensorcelled Hibernation (safe; 8% risk of failure)
Press: ? - help, Shift-Dir - straight line, f/p - ogre
Aim: an ogre, wielding a +0 giant club (softly glowing, chance to affect: 44%)
The ogre resists with some effort.
The ogre closely misses you.
Casting: Ensorcelled Hibernation (safe; 8% risk of failure)
Confirm with . or Enter, or press ? or * to list all spells.
Aiming: Ensorcelled Hibernation (safe; 8% risk of failure)
Press: ? - help, Shift-Dir - straight line, f/p - ogre
Aim: an ogre, wielding a +0 giant club (softly glowing, chance to affect: 44%)
The ogre resists with some effort.
The ogre closely misses you.
Casting: Ensorcelled Hibernation (safe; 8% risk of failure)
Confirm with . or Enter, or press ? or * to list all spells.
Aiming: Ensorcelled Hibernation (safe; 8% risk of failure)
Press: ? - help, Shift-Dir - straight line, f/p - ogre
Aim: an ogre, wielding a +0 giant club (softly glowing, chance to affect: 44%)
You miscast Ensorcelled Hibernation.
You are very lightly contaminated with residual magic.
Nothing appears to happen.
The ogre barely misses you.
Casting: Ensorcelled Hibernation (safe; 8% risk of failure)
Confirm with . or Enter, or press ? or * to list all spells.
Aiming: Ensorcelled Hibernation (safe; 8% risk of failure)
Press: ? - help, Shift-Dir - straight line, f/p - ogre
Aim: an ogre, wielding a +0 giant club (softly glowing, chance to affect: 44%)
The ogre resists with some effort.
Casting: Ensorcelled Hibernation (safe; 8% risk of failure)
Confirm with . or Enter, or press ? or * to list all spells.
Aiming: Ensorcelled Hibernation (safe; 8% risk of failure)
Press: ? - help, Shift-Dir - straight line, f/p - ogre
Aim: an ogre, wielding a +0 giant club (softly glowing, chance to affect: 44%)
The ogre resists with some effort.
The ogre barely misses you.
Casting: Ensorcelled Hibernation (safe; 8% risk of failure)
Confirm with . or Enter, or press ? or * to list all spells.
Aiming: Ensorcelled Hibernation (safe; 8% risk of failure)
Press: ? - help, Shift-Dir - straight line, f/p - ogre
Aim: an ogre, wielding a +0 giant club (softly glowing, chance to affect: 44%)
The ogre resists with some effort.
The ogre stops glowing.
The ogre hits you with a +0 giant club!!
Ouch! That really hurt!
You die...

#≈≈≈≈≈≈≈≈#. ##########.
#......... #.........
#......... #.........
#.........
###########.........
#oO@.)..............
#o#########......... ##.#
#......<.) ##..#
########## ##.o#########
#..o.!o.....#
****#....O)o....# *****
*...............#*****,,,*
*..........o.....,,,,,,*,*


You could see an ogre and 2 orcs.

Vanquished Creatures
  Natasha (thrice) (D:2)
  2 adders (D:2)
  6 dart slugs
  3 orcs
  5 endoplasms
  4 giant cockroaches
  4 goblins
  4 hobgoblins
  9 jackals
  4 quokkas
  7 ball pythons
  4 bats
  3 frilled lizards
  5 kobolds
  9 rats
72 creatures vanquished.

Notes
Turn   | Place    | Note
-------+----------+-------------------------------------------
     0 | D:1      | sking99 the Spriggan Enchanter began the quest for the Orb.
     0 | D:1      | Reached XP level 1. HP: 9/9 MP: 5/5
   596 | D:1      | Reached XP level 2. HP: 13/13 MP: 4/6
   599 | D:1      | Learned a level 2 spell: Ensorcelled Hibernation
   986 | D:1      | You fall into a shaft and drop 1 floor!
  1103 | D:1      | Reached XP level 3. HP: 16/16 MP: 1/8
  1237 | D:1      | You fall into a shaft and drop 1 floor!
  1569 | D:1      | Found a faded altar of an unknown god.
  1914 | D:2      | Noticed Natasha
  1967 | D:2      | Killed Natasha
  1968 | D:2      | Reached skill level 5 in Stealth
  1968 | D:2      | Reached XP level 4. HP: 15/21 MP: 2/9
  2100 | D:2      | Found Numn's Armour Shoppe.
  2326 | D:2      | Noticed Natasha
  2338 | D:2      | Killed Natasha
  2339 | D:2      | Reached skill level 1 in Ice Magic
  2583 | D:2      | Noticed Natasha
  2899 | D:2      | Killed Natasha
  2900 | D:2      | Reached XP level 5. HP: 21/24 MP: 8/11
  3258 | D:3      | Learned a level 3 spell: Confusing Touch
  3262 | D:3      | Learned a level 3 spell: Tukima's Dance
  3597 | D:3      | Found a bloodstained altar of Trog.
  4100 | D:4      | Noticed an ogre
  4179 | D:4      | Slain by an ogre

Illustrated notes

Levels and vault maps discovered:
D:1:      minmay_arrival_stone_box, layout_basic,
          dreamdust_ecumenical_altar_sealed_demon
D:2:      layout_basic, serial_shops, nicolae_shop_trees,
          minmay_misc_feat_tower, kennysheep_generic_room_11, uniq_natasha
D:3:      layout_rooms, trog_butcher_becter, guppyfry_early_lair_pool
D:4:      layout_rooms, dk_vineyard_1, hangedman_decor_growths

Skill      XL: |  1  2  3  4  5 |
---------------+----------------+-----
Dodging        | 3 |  3.8
Spellcasting   | 3 |  3.5
Short Blades   | 2 3 |  3.1
Hexes          | 4 |  4.4
Stealth        | 5 |  5.4
Ice Magic      | 1 |  1.1

Action                   |  1- 3 |  4- 6 || total
-------------------------+-------+-------++-------
Melee: Dagger            |    56 |    52 ||   108
 Cast: Corona            |     5 |     1 ||     6
       Ensorcelled Hiber |    19 |    41 ||    60
  Use: Scroll            |       |     3 ||     3
 Stab: Sleeping          |    23 |    31 ||    54
Armor: Robe              |     8 |     7 ||    15
Dodge: Dodged            |    37 |    35 ||    72
